 Dungeon Crawl Stone Soup version 0.28.0-43-g3370ac3207 (webtiles) character file.

Game seed: 769017811796786098

582 boopmooplesden the Chopper (level 7, -2/62 HPs)
             Began as a Minotaur Berserker on Mar 30, 2022.
             Was a Believer of Trog.
             Slain by a wyvern zombie (14 damage)
             ... on level 5 of the Dungeon.
             The game lasted 00:04:23 (4913 turns).

boopmooplesden the Chopper (Minotaur Berserker)     Turns: 4913, Time: 00:04:24

Health: -2/62      AC:  4    Str: 22    XL:     7   Next: 14%
Magic:  6/6        EV: 12    Int:  4    God:    Trog [**....]
Gold:   240        SH:  0    Dex: 11    Spells: 6/6 levels left

rFire   . . .      SeeInvis .   n - +0 war axe
rCold   . . .      Faith    .   (no shield)
rNeg    + . .      Spirit   .   k - +1 leather armour
rPois   .          Reflect  .   (helmet restricted)
rElec   .          Harm     .   (no cloak)
rCorr   .          Rampage  .   (no gloves)
Will    .....                   (no boots)
Stlth   +.........              (no amulet)
HPRegen 0.20/turn               q - ring of positive energy
MPRegen 0.10/turn               (no ring)

@: on berserk cooldown, slowed, very slow
A: horns 2, retaliatory headbutt
a: Renounce Religion, Berserk, Trog's Hand


You were on level 5 of the Dungeon.
You worshipped Trog.
Trog was pleased with you.
You visited 1 branch of the dungeon, and saw 5 of its levels.

You collected 240 gold pieces.

Inventory:

Hand Weapons
 a - a +0 hand axe
 e - a +0 hunting sling
 n - a +0 war axe (weapon)
Missiles
 h - a throwing net (quivered)
Armour
 b - a +0 animal skin
 k - a +1 leather armour (worn)
Jewellery
 i - an amulet of magic regeneration
 q - a ring of positive energy (left hand)
Wands
 p - a wand of iceblast (5)
 t - a wand of mindburst (16)
Scrolls
 d - a scroll of fog
 o - 4 scrolls of identify
 s - a scroll of teleportation {unknown}
Potions
 c - a potion of might {unknown}
 f - a potion of curing
 g - 2 potions of mutation
 j - 2 potions of haste {unknown}
 l - a potion of resistance {unknown}
 m - a potion of heal wounds {unknown}
 r - a potion of degeneration {unknown}
 u - a potion of magic {unknown}


   Skills:
 + Level 5.6 Fighting
 + Level 7.3 Axes
 + Level 3.6 Armour
 + Level 3.7 Dodging
 + Level 1.2 Stealth


You had 6 spell levels left.
You didn't know any spells.
Your spell library was empty.

Dungeon Overview and Level Annotations

Branches:
Dungeon (5/15)
 Temple: D:4-7

Altars:
Nemelex Xobeh
Vehumet


Innate Abilities, Weirdness & Mutations

You have a pair of horns on your head.
You reflexively headbutt those who attack you in melee.


Message History

The orc priest barely misses you. x2
You slash the orc priest!
The orc priest is severely wounded.
The orc priest misses you. You furiously retaliate!
You headbutt the orc priest.
You kill the orc priest!
Trog accepts your kill.
You see here a +0 falchion.
An orc comes into view. It is wielding a +0 short sword.
An orc comes into view. It is wielding a +0 hand axe.
A wyvern zombie comes into view.
There are monsters nearby!
There are monsters nearby!
You see here 7 gold pieces.
You slash the orc!
You kill the orc!
Trog accepts your kill.
You barely miss the orc. The orc barely misses you.
The wyvern zombie closely misses you.
You hit the orc.
The orc is almost dead.
You hit the wyvern zombie. The wyvern zombie bites you!
The orc hits you with a +0 hand axe. The wyvern zombie bites you!
The orc closely misses you.
You slash the orc!
You kill the orc!
Trog accepts your kill.
You slash the wyvern zombie!
The wyvern zombie completely misses you.
The wyvern zombie bites you but does no damage.
An adder comes into view.
The adder hisses angrily.
You slash the wyvern zombie!
The wyvern zombie is severely damaged.
The wyvern zombie bites you. The wyvern zombie bites you!
* * * LOW HITPOINT WARNING * * *
You hit the wyvern zombie.
The wyvern zombie is severely damaged.
The wyvern zombie bites you!
You die...

......####.#.#...
..........#.#... ##.
###..##.......... ....
..........##..## #....
#...#....#....##.....
##..##.>.#(..........
#.........#..Z../[.#
#....S..).@).....#
##........#.##....#
#.........### #..#
#..........### ...
......#.......# .
#..........#...##
##....####.###....###.
......# ####.#........
......###.............


You could see an adder and a wyvern zombie.

Vanquished Creatures
  A necrophage (D:4)
  A phantom (D:5)
  A water moccasin skeleton (D:4)
  A howler monkey (D:5)
  A bullfrog zombie (D:5)
  An orc priest (D:5)
  Jessica (D:3)
  2 iguanas
  Ijyb (D:4)
  A hound skeleton (D:4)
  3 gnolls (D:2)
  2 adders
  A shadow imp (D:5)
  2 ufetubi (D:4)
  2 dart slugs (D:3)
  18 orcs
  8 ball pythons
  3 endoplasms
  3 giant cockroaches
  3 goblins
  4 hobgoblins
  7 kobolds
  6 quokkas
  3 bats
  5 frilled lizards
  5 rats
86 creatures vanquished.

Vanquished Creatures (others)
  6 plants (D:3)
6 creatures vanquished.

Grand Total: 92 creatures vanquished

Notes
Turn   | Place    | Note
-------+----------+-------------------------------------------
     0 | D:1      | boopmooplesden the Minotaur Berserker began the quest for
                  | the Orb.
     0 | D:1      | Reached XP level 1. HP: 19/19 MP: 0/0
   356 | D:1      | Reached skill level 4 in Axes
   356 | D:1      | Reached XP level 2. HP: 27/27 MP: 1/1
  1012 | D:2      | Reached XP level 3. HP: 33/33 MP: 2/2
  1274 | D:2      | Reached ** piety under Trog
  1406 | D:2      | Found a faded altar of an unknown god.
  1548 | D:2      | Reached XP level 4. HP: 4/41 MP: 3/3
  2377 | D:3      | Noticed Jessica
  2381 | D:3      | Killed Jessica
  2382 | D:3      | Reached skill level 5 in Axes
  3043 | D:3      | Reached XP level 5. HP: 37/47 MP: 4/4
  3219 | D:3      | Found a sparkling altar of Nemelex Xobeh.
  3219 | D:3      | Found a radiant altar of Vehumet.
  4011 | D:4      | Reached skill level 5 in Fighting
  4011 | D:4      | Reached skill level 6 in Axes
  4156 | D:4      | Noticed a necrophage
  4165 | D:4      | Killed a necrophage
  4166 | D:4      | Reached skill level 1 in Stealth
  4166 | D:4      | Reached XP level 6. HP: 34/56 MP: 5/5
  4425 | D:4      | Noticed Ijyb
  4434 | D:4      | Killed Ijyb
  4812 | D:5      | Entered Level 5 of the Dungeon
  4896 | D:5      | Reached skill level 7 in Axes
  4896 | D:5      | Reached XP level 7. HP: 61/61 MP: 6/6
  4913 | D:5      | Slain by a wyvern zombie

Illustrated notes

Levels and vault maps discovered:
D:1:      dpeg_arrival_simpleton_b, layout_loops_cross, minmay_tripent
D:2:      layout_loops_corners, shapermc_ecumenical_altar_ellora
D:3:      layout_rooms, gammafunk_temple_overflow_statue, serial_bayou_ford_a,
          dk_noncrumbling_2, corexii_corridor_pit,
          hangedman_decor_clover_reticule, kennysheep_cluttered_room,
          kennysheep_minor_cross, uniq_jessica
D:4:      layout_loops_corners, uniq_ijyb
D:5:      layout_cave_pools, mainiacjoe_overflow_24_doors,
          minmay_temple_entry_junction, uniq_pikel

Skill      XL: |  1  2  3  4  5  6 |
---------------+-------------------+-----
Axes           | 4 5 6 7 |  7.3
Fighting       | 4 5 |  5.6
Armour         | 3 |  3.6
Dodging        | 3 |  3.7
Stealth        | 1 |  1.2

Action                   |  1- 3 |  4- 6 |  7- 9 || total
-------------------------+-------+-------+-------++-------
Melee: Hand axe          |    59 |    97 |       ||   156
       Headbutt          |     6 |    24 |       ||    30
       Punch             |       |     1 |       ||     1
       War axe           |       |    48 |    10 ||    58
Invok: Berserk           |     1 |     5 |       ||     6
  Use: Scroll            |       |     8 |       ||     8
 Stab: Sleeping          |     1 |       |       ||     1
Armor: Animal skin       |     5 |       |       ||     5
       Leather armour    |     9 |    23 |     1 ||    33
Dodge: Dodged            |    34 |   100 |    11 ||   145
